 Dungeon Crawl Stone Soup version 0.31.0-12-g77e489cdc1 (webtiles) character file.

Game seed: 5755077544012399423

17 Gadfly the Ruffian (level 2, -2/16 (18) HPs)
             Began as an Octopode Shapeshifter on Feb 23, 2024.
             Shot with a sling bullet by a goblin (5 damage)
             ... led by Robin
             ... on level 2 of the Dungeon.
             The game lasted 00:02:15 (775 turns).

Gadfly the Ruffian (Octopode Shapeshifter)           Turns: 775, Time: 00:02:16

HP:   -2/16 (18)    AC:  1    Str: 19    XL:     2   Next: 62%
MP:   2/2           EV: 13    Int: 12    God:
Gold: 36            SH:  0    Dex: 11    Spells: 1/1 levels left

rFire   . .          .
                       - Unarmed
rCold   . . .        (no shield)
rNeg    . . .        (helmet currently unavailable)
rPois   .            (no amulet)
rElec   .            e - +6 ring of strength
rCorr   .            (no ring)
SInv    .            (no ring)
Will    .....        (no ring)
Stlth   ++           (no ring)
HPRegen 0.22/turn    (no ring)
MPRegen 0.08/turn    (no ring)
                     (no ring)

%: no passive effects
@: beast-form, heavily drained
A: beast (slay +1), almost no armour, amphibious, 8 rings, camouflage 1,
gelatinous body 1, (nimble swimmer 1), tentacles
a: Begin Untransformation


You were on level 2 of the Dungeon.
You were a hulking beast.
You visited 1 branch of the dungeon, and saw 2 of its levels.

You collected 36 gold pieces.

Inventory:

Jewellery
 e - a +6 ring of strength (left tentacle)
Talismans
 c - a flux talisman
 j - a beast talisman
Scrolls
 h - 2 scrolls of teleportation
Potions
 a - a potion of lignification
 i - a potion of mutation


   Skills:
 + Level 1.3 Fighting
 + Level 2.2 Dodging
 + Level 0.5 Shields
 + Level 3.1 Unarmed Combat
 + Level 0.8 Evocations
 + Level 3.1 Shapeshifting


You had one spell level left.
You didn't know any spells.
Your spell library contained the following spells:

 Spells                   Type           Power      Damage    Failure   Level
 Apportation              Tloc           0%         N/A       32%         1
 Necrotise                Necr           0%         1d4       32%         1
 Sting                    Conj/Alch      0%         1d3       32%         1
 Summon Small Mammal      Summ           0%         N/A       32%         1


Dungeon Overview and Level Annotations

Branches:
Dungeon (2/15)

Altars:

Annotations:
D:2 Robin


Innate Abilities, Weirdness & Mutations

You are a hulking beast.
Your limbs bulge with bestial killing power. (Slay +1)
You cannot wear most types of armour.
You are amphibious.
You can wear up to eight rings at the same time.
Your skin changes colour to match your surroundings (Stealth+).
Your rubbery body absorbs attacks. (AC +1, EV +1)
((You are camouflaged when in or above water. (Stealth+)))
You have tentacles for arms and can constrict up to eight enemies at once.


Message History

You see here a +0 short sword.
There is a stone staircase leading down here.
You climb downwards.
Found a ring mail.
There is a stone staircase leading up here.
There is a stone staircase leading up here.
A hobgoblin, 2 goblins and a kobold come into view.
The kobold is wielding a +0 short sword of draining.
Found a stone staircase leading up.
There are monsters nearby! 2 goblins come into view.
The kobold shouts!
The goblin shouts!
You hear a shout! x2
A goblin comes into view. It is wielding a +0 dagger.
The goblin shouts!
You hear a shout!
The hobgoblin shouts!
The kobold throws a stone.
The stone hits you.
You hear a shout!
The goblin shouts!
You bludgeon the goblin!
You kill the goblin!
Robin and a goblin come into view.
The goblin shouts!
The kobold hits you with a +0 short sword of draining.
You feel drained.
A hobgoblin comes into view.
The goblin unwields a +0 club.
The goblin wields a +0 sling.
The goblin shoots a sling bullet.
The sling bullet closely misses you.
You see here a +0 club.
You closely miss the kobold. You grab the kobold. You constrict the kobold.
A hobgoblin comes into view.
Robin throws the goblin at you! The hobgoblin hits you.
The kobold hits you with a +0 short sword of draining.
* * * LOW HITPOINT WARNING * * *
You feel drained.
You are too injured to fight recklessly!
Unknown command.
You release your grip on the kobold.
The goblin unwields a +0 dagger.
The goblin wields a +0 sling.
The goblin shoots a sling bullet.
The sling bullet hits you.
You die...

#.#.##. #.### #...g.
#...[ ##...g. ###.###..#.
.....#.#.............
#...g#....###.###.<#.
+.ggg+....# #.# #.##.
#.Kg.#..#.# #.# #.##.
#..)g#..#.# #.# #.##.
####.g.h#..#.###.###.##.
.........#..#.........##.
..................###.##.
#.#####$.#..#..##........
# #..#..#..##........
#..#..#..##.###.##.
#..#..#..##.# #.##.
...#..#..##.# #....
##.<#..#..##.###.#.#


You could see Robin, 3 hobgoblins, 5 goblins and a kobold.

Vanquished Creatures
  A dart slug (D:1)
  A ball python (D:1)
  2 endoplasms (D:1)
  A giant cockroach (D:1)
  2 goblins
  3 kobolds (D:1)
  2 bats (D:1)
  A frilled lizard (D:1)
  A rat (D:1)
14 creatures vanquished.

Notes
Turn   | Place    | Note
-------+----------+-------------------------------------------
     0 | D:1      | Gadfly the Octopode Shapeshifter began the quest for the
                  | Orb.
     0 | D:1      | Reached XP level 1. HP: 13/13 MP: 1/1
   159 | D:1      | Reached XP level 2. HP: 9/18 MP: 2/2
   773 | D:2      | Noticed Robin
   775 | D:2      | Shot with a sling bullet by a goblin

Illustrated notes

Levels and vault maps discovered:
D:1:      mrwooster_arrival_arrow, layout_basic
D:2:      layout_basic, uniq_sigmund, uniq_robin

Action                     || total
---------------------------++-------
  Melee: Unarmed           ||    22
         Constrict         ||     6
         Tentacles         ||     3
         Punch             ||     1
    Use: Scroll            ||     4
   Stab: Sleeping          ||     4
 Armour: Skin              ||    13
  Dodge: Dodged            ||     7
